Map: [G8] Royal Blood

Players

Classic

  • Race: Protoss Protoss
  • Spawn Location: 1:00

ByuN - Winner!

  • Race: Terran Terran
  • Spawn Location: 7:00

Event: Gamers8 2023

VOD

Have the link to the VOD?

Description

Time

  • Played on: Aug. 3, 2023, 4:35 p.m.
  • Length: 15:28

All games in this series

Show
View Real Time Build Order
Export as new Build Order

Classic Protoss 

Build Orders: 1 Gate Expand, Oracle Opening, Phoenix Opening 

Get SALT Encoding   

  12  0:00  Probe  
  13  0:12  Probe  
  14  0:17  Pylon  
  14  0:24  Probe  
  15  0:35  Gateway  
  15  0:37  Probe (Chrono Boost)  
  16  0:46  Assimilator, Probe (Chrono Boost)  
  17  0:51  Probe (Chrono Boost)  
  18  1:03  Probe  
  19  1:15  Probe  
  20  1:22  Cybernetics Core  
  20  1:32  Probe  
  21  1:38  Pylon  
  21  1:43  Nexus  
  21  1:46  Probe  
  22  1:51  Assimilator  
  22  1:58  Probe  
  22  1:59  Adept (Chrono Boost)  
  25  2:10  Probe  
  26  2:19  Adept (Chrono Boost)  
  28  2:23  Probe  
  28  2:25  Stargate  
  29  2:33  Warp Gate  
  29  2:35  Probe  
  30  2:49  Pylon, Probe (Chrono Boost)  
  31  2:54  Adept  
  31  2:55  Probe (Chrono Boost)  
  34  3:04  Probe x2 (Chrono Boost)  
  36  3:07  Oracle (Chrono Boost)  
  36  3:10  Probe  
  36  3:12  Probe  
  41  3:17  Gateway  
  41  3:22  Probe  
  41  3:24  Probe  
  41  3:25  Stalker  
  43  3:35  Pylon  
  40  3:49  Probe (Chrono Boost)  
  40  3:50  Probe (Chrono Boost)  
  40  3:51  Phoenix  
  43  4:01  Probe (Chrono Boost)  
  45  4:06  Robotics Facility  
  45  4:07  Probe (Chrono Boost)  
  45  4:09  Probe (Chrono Boost)  
  46  4:13  Probe  
  46  4:15  Probe  
  45  4:23  Stalker x2  
  49  4:25  Probe  
  49  4:29  Probe  
  49  4:38  Probe (Chrono Boost)  
  48  4:41  Probe (Chrono Boost)  
  48  4:45  Pylon  
  47  4:46  Assimilator  
  47  4:49  Assimilator  
  49  4:53  Immortal, Probe (Chrono Boost)  
  49  4:55  Probe (Chrono Boost)  
  49  4:59  Probe (Chrono Boost)  
  54  5:00  Stalker x2  
  54  5:02  Probe (Chrono Boost)  
  59  5:10  Probe  
  59  5:14  Probe  
  59  5:23  Probe  
  59  5:24  Robotics Bay  
  59  5:26  Pylon, Probe  
  61  5:34  Pylon, Immortal  
  61  5:35  Probe  
  66  5:38  Probe  
  63  5:47  Probe  
  64  5:51  Nexus  
  64  5:52  Pylon  
  64  5:56  Phoenix  
  66  5:59  Pylon  
  66  6:01  Probe x2  
  68  6:07  Sentry  
  68  6:09  Colossus (Chrono Boost)  
  70  6:15  Probe x2  
  78  6:20  Extended Thermal Lance  
  78  6:27  Probe x2  
  80  6:33  Shield Battery  
  80  6:36  Phoenix  
  80  6:39  Shield Battery, Probe x2  
  84  6:47  Colossus (Chrono Boost)  
  84  6:51  Probe x2 (Chrono Boost)  
  92  6:57  Sentry  
  96  7:01  Probe x2 (Chrono Boost), Shield Battery  
  96  7:05  Phoenix  
  96  7:06  Probe x3 (Chrono Boost)  
  101  7:09  Gateway  
  101  7:17  Gateway  
  101  7:18  Twilight Council  
  101  7:22  Forge  
  101  7:23  Zealot x2  
  101  7:26  Assimilator  
  101  7:27  Pylon  
  105  7:30  Assimilator  
  105  7:35  Colossus (Chrono Boost)  
  111  7:39  Pylon  
  111  7:44  Zealot x2  
  115  7:46  Phoenix  
  115  7:47  Pylon  
  117  7:53  Pylon  
  113  7:58  Charge  
  113  8:03  Zealot  
  113  8:05  Protoss Ground Weapons Level 1 (Chrono Boost), Zealot x2  
  113  8:11  Zealot, Phoenix  
  117  8:17  Gateway  
  117  8:19  Gateway  
  113  8:32  Zealot x4  
  109  8:36  Colossus (Chrono Boost)  
  107  8:43  Probe x2  
  107  8:47  Shield Battery  
  107  8:48  Pylon  
  107  8:53  Robotics Facility  
  107  8:54  Probe  
  107  8:55  Probe x2  
  110  9:02  Zealot x4  
  118  9:04  Nexus  
  118  9:05  Pylon  
  118  9:13  Forge  
  118  9:23  Observer  
  118  9:24  Stalker x6  
  127  9:27  Pylon  
  131  9:32  Shield Battery  
  131  9:33  Photon Cannon  
  131  9:41  Warp Prism (Chrono Boost)  
  131  9:44  Disruptor (Chrono Boost)  
  136  9:48  Probe x3  
  136  9:52  Gateway  
  139  9:53  Gateway  
  139  10:02  Protoss Ground Weapons Level 2 (Chrono Boost), Protoss Ground Armor Level 1 (Chrono Boost)  
  137  10:13  Disruptor (Chrono Boost)  
  137  10:15  Probe  
  137  10:16  Probe x3  
  137  10:17  Disruptor (Chrono Boost)  
  147  10:21  Sentry  
  147  10:22  Stalker x4  
  157  10:29  Pylon  
  157  10:33  Stalker  
  159  10:42  Disruptor, Nexus  
  162  10:44  Pylon  
  162  10:46  Disruptor  
  165  10:52  Robotics Facility  
  165  11:00  Zealot x2  
  165  11:01  Zealot x6  
  181  11:06  Pylon  
  181  11:18  Disruptor  
  183  11:21  Robotics Facility, Disruptor  
  184  11:29  Zealot x4  
  190  11:34  Pylon  
  190  11:36  Pylon  
  168  11:50  Blink (Chrono Boost)  
  168  11:52  Nexus  
  154  12:00  Nexus  
  154  12:03  Zealot x4  
  154  12:04  Zealot x4  
  118  12:16  Disruptor (Chrono Boost)  
  96  12:23  Stalker x4  
  96  12:24  Disruptor (Chrono Boost), Stalker x4  
  96  12:25  Disruptor (Chrono Boost)  
  109  12:43  Disruptor  
  112  12:53  Stalker x2  
  112  12:54  Stalker x6  
  120  13:07  Disruptor x2  
  120  13:18  Stalker x6  
  132  13:36  Zealot x2  
  132  13:40  Cybernetics Core  
  133  13:41  Zealot x4  
  133  13:42  Zealot x2  
  115  14:03  Zealot  
  115  14:04  Zealot x3  
  115  14:09  Pylon  
  120  14:10  Disruptor (Chrono Boost)  
  117  14:17  Disruptor (Chrono Boost)  
  111  14:24  Zealot x4  
  111  14:28  Immortal x2 (Chrono Boost)  
  125  14:44  Disruptor (Chrono Boost)  
  125  14:46  Disruptor (Chrono Boost)  
  131  14:54  Zealot x4  
  131  14:55  Zealot  
  131  14:59  Nexus  
Show
View Real Time Build Order
Export as new Build Order

ByuN Terran - Winner!

Build Orders:  

Get SALT Encoding   

  12  0:00  SCV  
  13  0:12  SCV  
  14  0:16  Supply Depot  
  14  0:24  SCV  
  14  0:27  Refinery  
  15  0:38  SCV  
  16  0:44  Barracks  
  16  0:50  SCV  
  17  1:02  SCV  
  18  1:14  SCV  
  18  1:16  Engineering Bay  
  19  1:31  Marine  
  19  1:32  Orbital Command  
  20  1:36  Factory  
  20  1:46  Supply Depot  
  20  1:50  Barracks Reactor  
  20  1:57  SCV  
  21  2:09  SCV  
  21  2:15  Command Center  
  22  2:22  SCV  
  23  2:29  Hellion x2  
  27  2:34  Supply Depot  
  28  2:51  Hellion x2, Barracks Tech Lab  
  31  2:55  SCV  
  31  2:57  Barracks  
  32  3:07  SCV  
  33  3:13  Refinery  
  33  3:16  Marine x2  
  33  3:19  Cyclone, SCV  
  39  3:31  SCV  
  40  3:36  Marine x2  
  40  3:43  Orbital Command  
  40  3:44  SCV  
  37  3:52  Cyclone  
  37  3:53  Barracks Tech Lab  
  37  3:54  Marine  
  39  3:56  SCV  
  39  3:58  Barracks  
  40  4:08  SCV  
  41  4:11  SCV  
  41  4:12  Marine x2  
  44  4:20  SCV  
  44  4:21  Marine  
  44  4:23  SCV  
  44  4:30  Marine  
  41  4:33  SCV  
  41  4:35  Marine, SCV  
  41  4:43  Marine  
  42  4:46  Stimpack  
  42  4:51  SCV x2  
  43  4:54  Marine x2  
  43  4:55  Supply Depot  
  43  4:56  Combat Shield  
  45  5:01  Marine  
  45  5:02  Marine  
  45  5:03  SCV x2  
  48  5:15  SCV x2  
  48  5:17  Marine  
  48  5:20  Marauder x2, Marine  
  51  5:24  Factory Reactor  
  51  5:27  SCV  
  51  5:28  Bunker, SCV  
  50  5:40  SCV x2  
  50  5:41  Marauder x2  
  53  5:42  Marine  
  53  5:48  Starport  
  53  5:49  Marine  
  54  5:53  Engineering Bay  
  54  5:54  Supply Depot  
  54  5:59  Supply Depot  
  54  6:09  Factory Reactor  
  54  6:12  Supply Depot  
  54  6:15  Concussive Shells  
  54  6:16  Marauder x2, Marine x2, SCV x2, Supply Depot  
  62  6:21  Refinery  
  62  6:22  Terran Infantry Weapons Level 1  
  62  6:28  SCV x2  
  62  6:30  Supply Depot  
  64  6:34  Marine x2  
  64  6:35  Medivac x2  
  64  6:38  Marauder  
  74  6:40  Marauder, Supply Depot  
  74  6:43  SCV x2  
  74  6:45  Refinery  
  74  6:46  Widow Mine x2, Supply Depot  
  80  6:51  Supply Depot  
  80  6:52  Marine x2  
  84  7:03  Marauder  
  84  7:04  Marauder  
  84  7:06  SCV  
  84  7:07  SCV  
  84  7:08  Widow Mine x2  
  92  7:12  Medivac  
  92  7:13  Marine  
  95  7:15  Marine  
  95  7:17  Medivac  
  95  7:19  Supply Depot  
  98  7:23  Supply Depot  
  98  7:27  Marauder x2  
  102  7:31  Widow Mine x2  
  102  7:34  Marine x2  
  108  7:42  Medivac  
  112  7:52  Marine  
  112  7:54  Marauder x2  
  112  7:55  Command Center  
  112  8:00  SCV x2  
  112  8:03  Widow Mine x2  
  115  8:07  Marine  
  115  8:12  Medivac  
  118  8:21  Barracks  
  118  8:22  Barracks  
  105  8:29  Marauder x2  
  105  8:30  Marine x2  
  105  8:32  Widow Mine x2  
  106  8:39  SCV x2  
  106  8:40  Ghost Academy  
  97  8:47  Marine  
  92  8:50  Marauder  
  92  8:51  Marine, SCV x2  
  92  8:53  Terran Infantry Armor Level 1  
  97  9:03  SCV x2  
  97  9:05  Factory Reactor  
  99  9:14  Barracks Tech Lab  
  99  9:15  SCV x2  
  99  9:23  Ghost x2  
  99  9:24  Marine x4  
  100  9:27  SCV x2  
  100  9:29  Orbital Command  
  100  9:31  Missile Turret  
  106  9:36  Medivac x2  
  110  9:38  Ghost  
  110  9:43  Marine  
  110  9:44  Marine x3  
  116  9:47  SCV  
  116  9:48  Armory  
  116  9:51  Widow Mine x2  
  123  9:53  Marauder x2  
  122  10:00  SCV x2  
  122  10:01  Marine, SCV  
  122  10:04  Marine x2  
  132  10:08  Marauder  
  132  10:11  Viking x2  
  132  10:13  Ghost  
  138  10:14  Marauder  
  138  10:16  Refinery  
  138  10:17  Refinery  
  138  10:19  Marine  
  138  10:21  SCV x3  
  142  10:24  Supply Depot  
  142  10:29  Marauder  
  142  10:32  Marine x3  
  149  10:36  Marauder  
  149  10:45  Marine  
  149  10:46  Marauder, Terran Infantry Weapons Level 2  
  152  10:50  Marauder  
  152  10:53  Supply Depot x2  
  152  10:57  Marauder  
  152  10:59  Marine, Command Center  
  152  11:00  Marine x2  
  157  11:12  Supply Depot  
  157  11:15  Marauder, Widow Mine x2  
  163  11:22  Barracks  
  163  11:23  Barracks  
  163  11:25  Barracks, Engineering Bay  
  163  11:28  Marine  
  163  11:29  Marine x2  
  163  11:32  Medivac  
  164  11:36  Widow Mine x2  
  168  11:40  Ghost  
  168  11:42  Marine  
  165  11:53  SCV x2  
  164  11:57  Marauder  
  164  11:58  Marauder, Marine  
  164  12:00  SCV  
  170  12:05  SCV x2  
  171  12:09  Marauder  
  139  12:18  Marine  
  139  12:19  Marauder x2  
  139  12:20  Marine  
  136  12:24  Barracks Reactor, Barracks Tech Lab  
  136  12:25  Barracks Tech Lab  
  136  12:28  Planetary Fortress  
  136  12:31  Marauder  
  136  12:32  Terran Infantry Armor Level 2  
  138  12:38  Marine x4  
  138  12:40  Marauder x2  
  141  12:52  Marauder x3  
  141  12:56  Marine x3  
  147  13:02  Marauder x2  
  138  13:13  Marauder x3, Marine x2  
  138  13:14  Marine x2  
  138  13:19  Widow Mine x2  
  152  13:23  Marauder x2  
  156  13:35  Marauder x2  
  156  13:36  Ghost  
  156  13:38  Marine x3  
  165  13:43  Widow Mine  
  165  13:44  Marauder, Ghost  
  165  13:45  Widow Mine  
  173  13:52  Marine  
  165  13:56  Marauder x2  
  153  14:04  Medivac x2, Widow Mine  
  153  14:05  Marauder  
  153  14:06  Marauder  
  151  14:13  Marauder  
  151  14:16  Marine x2  
  149  14:17  Marauder  
  149  14:18  Marauder  
  149  14:20  Widow Mine  
  148  14:26  Widow Mine  
  148  14:27  Marauder x2  
  148  14:31  Marine  
  146  14:33  Marine  
  146  14:34  Medivac x2, Marauder, Marine  
  146  14:38  Marine, Ghost  
  154  14:39  Marauder  
  154  14:42  Widow Mine  
  161  14:47  Widow Mine  
  161  14:48  Marauder  
  161  14:49  Marauder  
  161  14:52  Marine x4  
  168  14:56  Marauder  
  168  14:58  Marine x2  
  171  15:00  Marauder  
  171  15:03  Widow Mine  
  174  15:09  Marine  
  174  15:10  Marine x4  
Tags
 
Add a new tag
Caveats
  • Supply blocks, unpowered buildings, or Contaminate may cause inaccurate times.
  • Supply counts are checked every 10 seconds.